 Dungeon Crawl Stone Soup version 0.26.1-11-gd32895ea62 (webtiles) character file.

Game seed: 9967123805385309480

55 Silvore the Slasher (level 3, 0/27 HPs)
             Began as a Demonspawn Gladiator on June 30, 2021.
             Slain by an adder (3 damage)
             ... on level 3 of the Dungeon.
             The game lasted 00:01:32 (1054 turns).

Silvore the Slasher (Demonspawn Gladiator)          Turns: 1054, Time: 00:01:33

Health: 0/27       AC:  4    Str: 15    XL:     3   Next: 67%
Magic:  0/3        EV: 13    Int:  9    God:
Gold:   40         SH:  0    Dex: 14    Spells: 2/2 levels left

rFire    . . .     SeeInvis .   (no weapon)
rCold    . . .     Faith    .   (no shield)
rNeg     . . .     Spirit   +   b - +0 leather armour
rPois    .         Reflect  .   c - +0 helmet
rElec    .         Harm     .   (no cloak)
rCorr    .         Rampage  .   (no gloves)
Will     .....                  (no boots)
Stlth    +.........             (no amulet)
HPRegen  0.09/turn              (no ring)
MPRegen  0.08/turn              (no ring)

@: lethally poisoned (0 -> -8)
A: magic shield
a: no special abilities


You were on level 3 of the Dungeon.
You visited 1 branch of the dungeon, and saw 3 of its levels.

You collected 40 gold pieces.

Inventory:

Missiles
 d - 3 throwing nets (quivered)
Armour
 b - a +0 leather armour (worn)
 c - a +0 helmet (worn)
Scrolls
 f - 2 scrolls of noise {unknown}
 g - a scroll of identify {unknown}
Potions
 e - 2 potions of haste {unknown}
 h - 2 potions of attraction {unknown}
 i - a potion of curing {unknown}
 j - a potion of might {unknown}


   Skills:
 + Level 2.2 Fighting
 + Level 3.4 Long Blades
 + Level 1.9 Throwing
 + Level 0.7 Armour
 + Level 3.2 Dodging


You had 2 spell levels left.
You didn't know any spells.
Your spell library was empty.

Dungeon Overview and Level Annotations

Branches:
Dungeon (1/15)

Altars:


Innate Abilities, Weirdness & Mutations

When hurt, damage is shared between your health and your magic reserves.


Message History

You are now empty-handed.
You drop a +0 long sword.
The adder bites you but does no damage.
You stop dropping stuff.
The adder bites you but does no damage. The adder bites you.
* * * LOW HITPOINT WARNING * * *
The adder completely misses you. The adder completely misses you.
The adder bites you.
You are poisoned.
The adder poisons you! The adder barely misses you.
* * * LOW HITPOINT WARNING * * *
You feel sick. The adder bites you.
* * * LOW HITPOINT WARNING * * *
You are more poisoned.
The adder poisons you!
* * * LOW HITPOINT WARNING * * *
You feel sick. The adder barely misses you.
* * * LOW HITPOINT WARNING * * *
You feel sick. The adder misses you. The adder bites you.
You die...

#.# #.#......
#.###.#...#####
###...^..........
......†(......### ##
#########........ .
#####..#.#### .#
#......#.#####.#
#...[.#........#.###
#..........S@.......
#......<...###.#.#..
............[.......
####...........$..###
..<......##.##..#
#######.#...## ....
#.#.### ... #.#.# ##


You could see an adder.

Vanquished Creatures
  Ijyb (D:3)
  A gnoll (D:1)
  2 bats
  2 goblins (D:1)
  A hobgoblin (D:3)
  4 jackals (D:2)
  A quokka (D:2)
  4 kobolds
  3 rats (D:1)
19 creatures vanquished.

Notes
Turn   | Place    | Note
-------+----------+-------------------------------------------
     0 | D:1      | Silvore the Demonspawn Gladiator began the quest for the
                  | Orb.
     0 | D:1      | Reached XP level 1. HP: 16/16 MP: 1/1
    15 | D:1      | Gained mutation: When hurt, damage is shared between your
                  | health and your magic reserves. [demonic ancestry]
    15 | D:1      | Reached XP level 2. HP: 5/22 MP: 2/2
   729 | D:1      | You fall into a shaft and drop 1 floor!
   874 | D:2      | You fall into a shaft and drop 1 floor!
   931 | D:3      | Reached XP level 3. HP: 9/27 MP: 3/3
   931 | D:3      | Noticed Ijyb
  1024 | D:3      | Killed Ijyb
  1054 | D:3      | Slain by an adder

Illustrated notes

Levels and vault maps discovered:
D:1:      dpeg_arrival_stonehenge_8_columns, layout_loops_ring
D:2:      layout_basic, minmay_misc_feat_alley, chequers_serial_rivers_large_b,
          hangedman_abyss_or_decor_lesser_grid
D:3:      layout_loops_ring, nicolae_overflow_hidden_temple, uniq_ijyb

Skill      XL: |  1  2 |
---------------+-------+-----
Long Blades    | 3 |  3.4
Dodging        | 3 |  3.2
Fighting       | |  2.2
Throwing       | |  1.9
Armour         | |  0.7

Action                   || total
-------------------------++-------
Melee: Long sword        ||    30
Armor: Leather armour    ||    78
Dodge: Dodged            ||   180
       Rpst.: Long sword ||    56
